 Dungeon Crawl Stone Soup version 0.26.0-57-g60708a5e39 (webtiles) character file.

Game seed: 6816491655165707558

85 Gadfly the Shield-Bearer (level 4, -1/36 HPs)
             Began as a Formicid Fighter on Feb 1, 2021.
             Killed by divine providence
             ... invoked by an orc priest
              (12 damage)
             ... on level 3 of the Dungeon.
             The game lasted 00:02:37 (1765 turns).

Gadfly the Shield-Bearer (Formicid Fighter)         Turns: 1765, Time: 00:02:38

Health: -1/36      AC: 12    Str: 22    XL:     4   Next: 75%
Magic:  5/5        EV:  4    Int:  7    God:
Gold:   117        SH:  9    Dex: 10    Spells: 3/3 levels left

rFire    + . .     SeeInvis +   a - +0 trident
rCold    . . .     Faith    .   c - +0 kite shield
rNeg     . . .     Spirit   .   h - +0 plate armour
rPois    .         Reflect  .   (helmet unavailable)
rElec    .         Harm     .   (no cloak)
rCorr    .         Rampage  .   f - +0 pair of gloves
Will     .....                  (no boots)
Stlth    ..........             (no amulet)
HPRegen  0.12/turn              g - ring of protection from fire
MPRegen  0.09/turn              (no ring)

@: no status effects
A: permanent stasis, dig shafts and tunnels, four strong arms, antennae 3
a: Dig, Shaft Self


You were on level 3 of the Dungeon.
You visited 1 branch of the dungeon, and saw 3 of its levels.

You collected 117 gold pieces.

Inventory:

Hand Weapons
 a - a +0 trident (weapon)
Armour
 c - a +0 kite shield (worn)
 f - a +0 pair of gloves (worn)
 h - a +0 plate armour (worn)
Jewellery
 g - a ring of protection from fire (left hand)
Potions
 b - a potion of mutation
 d - a potion of might
 e - a potion of flight
 i - a potion of cancellation {unknown}
 j - a potion of heal wounds {unknown}


   Skills:
 + Level 3.6 Fighting
 * Level 2.8 Polearms
 + Level 3.5 Armour
 + Level 4.0 Shields
 * Level 2.0 Invocations
 * Level 1.8 Evocations


You had 3 spell levels left.
You didn't know any spells.
Your spell library was empty.

Dungeon Overview and Level Annotations

Branches:
Dungeon (3/15)

Altars:
Nemelex Xobeh

Annotations:
D:3 1 transporter, casanoah's ghost, amateur TeAE


Innate Abilities, Weirdness & Mutations

You cannot be hasted, slowed, berserked, paralysed or teleported.
You can dig through walls and to a lower floor.
Your four strong arms can wield two-handed weapons with a shield.
You have a pair of large antennae on your head. (SInv)


Message History

The orc hits you but does no damage. x2
You are too injured to fight recklessly!
You are too injured to fight recklessly!
You are too injured to fight recklessly!
You are too injured to fight recklessly!
You are too injured to fight recklessly!
You are too injured to fight recklessly!
You are too injured to fight recklessly!
You are too injured to fight recklessly!
You are too injured to fight recklessly!
You are too injured to fight recklessly!
You are too injured to fight recklessly!
You are too injured to fight recklessly!
Unknown command.
The orc barely misses you.
The shadow imp disappears for a moment.
The orc hits you but does no damage.
The orc priest calls down the wrath of Beogh upon you.
Beogh smites you!
You die...

#........[....##.#
#.##############.# #.# #.# #>#
###.### #.# #.....# #.#
#####.###.### #.# ######.....#
#.... { ##.###...o..###.###..##
.#
######....oKo.o.@....>....###.#
.......#############........#.##
###.##.#.....Z.5W..#...........
# #(#......Z....#........#.#
#.#..###.###..#.##<.†###.###
#.#..# #.#8#Z.#.##.....>....
#..#$..........#......†...###
!.©#(....©.....#©..######.#
..#$..........#..## #.#


You could see an orc priest, casanoah's ghost, a shadow imp, 3 orcs, a leopard
gecko zombie, an adder zombie, a howler monkey zombie and a kobold.

Vanquished Creatures
  5 adders
  An ooze (D:1)
  A dart slug (D:1)
  A leopard gecko (D:1)
  3 giant cockroaches
  5 hobgoblins
  2 jackals (D:2)
  A quokka (D:3)
  6 bats
  A goblin (D:2)
  5 kobolds
  2 rats (D:1)
33 creatures vanquished.

Notes
Turn   | Place    | Note
-------+----------+-------------------------------------------
     0 | D:1      | Gadfly the Formicid Fighter began the quest for the Orb.
     0 | D:1      | Reached XP level 1. HP: 18/18 MP: 1/1
   140 | D:1      | Reached XP level 2. HP: 23/24 MP: 2/2
   380 | D:1      | Reached skill level 1 in Invocations
   380 | D:1      | Reached skill level 1 in Evocations
   474 | D:1      | Reached XP level 3. HP: 29/29 MP: 3/3
  1094 | D:2      | Found a sparkling altar of Nemelex Xobeh.
  1256 | D:2      | Reached XP level 4. HP: 35/35 MP: 5/5
  1670 | D:3      | Found a transporter.
  1683 | D:3      | Reached skill level 4 in Shields
  1695 | D:3      | Noticed casanoah's ghost (amateur TeAE)
  1765 | D:3      | Killed from afar by an orc priest

Illustrated notes

Levels and vault maps discovered:
D:1:      evilmike_arrival_crescent, layout_loops_corners,
          hangedman_decor_growths
D:2:      layout_loops_ring, nemelex_diamond_rough_becter
D:3:      layout_loops_ring, gammafunk_ghost_mausoleum, corexii_corridor_pit

Skill      XL: |  1  2  3  4 |
---------------+-------------+-----
Invocations    | 1 2 |  2.0
Evocations     | 1 |  1.8
Shields        | 4 |  4.0
Fighting       | |  3.6
Polearms       | |  2.8
Armour         | |  3.5

Action                   |  1- 3 |  4- 6 || total
-------------------------+-------+-------++-------
Melee: Trident           |    98 |    38 ||   136
  Use: Scroll            |     2 |     1 ||     3
       Potion            |     1 |       ||     1
Armor: Scale mail        |    20 |       ||    20
       Plate armour      |    26 |    28 ||    54
Dodge: Dodged            |    17 |     4 ||    21
Block: Kite shield       |    40 |    14 ||    54
